 Dungeon Crawl Stone Soup version 0.20.1-1-g8b1a95d (webtiles) character file.

1252 toffzen the Chopper (level 8, -5/71 HPs)
             Began as a Hill Orc Monk on Oct 27, 2017.
             Was a Follower of Beogh.
             Slain by Menkaure (19 damage)
             ... on level 6 of the Dungeon.
             The game lasted 00:18:09 (5515 turns).

toffzen the Chopper (Hill Orc Monk)                 Turns: 5515, Time: 00:18:10

Health: -5/71      AC:  9    Str: 16    XL:     8   Next: 51%
Magic:  6/11       EV:  8    Int: 10    God:    Beogh [*.....]
Gold:   376        SH:  0    Dex: 13    Spells: 7/7 levels left

rFire    . . .     SeeInvis +   a - +1 war axe
rCold    . . .     Gourm    .   (no shield)
rNeg     . . .     Faith    .   q - +0 chain mail
rPois    .         Spirit   .   (no helmet)
rElec    .         Reflect  .   t - scarf {repulsion}
rCorr    .         Harm     .   (no gloves)
MR       .....                  (no boots)
Stlth    ..........             e - amulet of regeneration
Regen    0.7/turn               m - ring of see invisible
MPRegen  0.2/turn               E - +5 ring of slaying

@: hasted, repel missiles, very quick
A: no striking features
a: Renounce Religion


You were on level 6 of the Dungeon.
You worshipped Beogh.
Beogh was aware of your devotion.
You were not hungry.

You visited 1 branch of the dungeon, and saw 6 of its levels.

You collected 376 gold pieces.

Inventory:

Hand Weapons
 a - a +1 war axe (weapon)
 b - a cursed -3 blowgun
Missiles
 i - 145 stones (quivered)
 o - 23 sling bullets
 s - 7 poisoned needles
Armour
 q - a +0 chain mail (worn)
 t - a scarf of repulsion (worn)
Jewellery
 e - an amulet of regeneration (around neck)
 m - a ring of see invisible (left hand)
 p - an uncursed ring of ice
 u - an uncursed amulet of guardian spirit {unknown}
 x - an uncursed ring of protection from magic {unknown}
 E - a +5 ring of slaying (right hand)
Wands
 y - a wand of flame (16/48)
 F - a wand of iceblast (0/15)
Scrolls
 g - a scroll of magic mapping {unknown}
 j - 2 scrolls of recharging {unknown}
 w - 2 scrolls of teleportation {unknown}
 C - a scroll of fog
 D - a scroll of amnesia {unknown}
 G - a scroll of enchant weapon
 H - a scroll of remove curse {unknown}
Potions
 d - a potion of berserk rage {unknown}
 f - 2 potions of brilliance
 h - 2 potions of curing
 k - 4 potions of lignification
 n - 2 potions of haste
 r - 2 potions of might {unknown}
 v - a potion of flight {unknown}
 z - a potion of agility {unknown}
 B - a potion of mutation {unknown}
 I - a potion of ambrosia {unknown}
Comestibles
 c - 2 bread rations
 l - 8 meat rations
 A - 6 fruits
 J - 10 chunks of flesh


   Skills:
 + Level 6.9 Fighting
 + Level 7.2 Axes
 + Level 4.7 Armour
 + Level 4.5 Dodging
 - Level 1.5 Stealth
 + Level 4.4 Invocations


You had 7 spell levels left.
You didn't know any spells.

Dungeon Overview and Level Annotations

Branches:
Dungeon (6/15)             Temple (0/1) D:5

Altars:
Okawaru
Yredelemnul

Shops:
D:6 !

Annotations:
D:2 1 runed door, exclusion: door
D:6 Menkaure


Message History

Things that are here:
a rapier; a leather armour Menkaure, Prince of Dust comes into view.
You see here a pair of boots.
Menkaure shouts!
Menkaure forgets how to speak, silenced by the ages.
Menkaure casts a spell.
Menkaure seems to speed up.
Menkaure casts a spell at you. Pain shoots through your body!
Menkaure hits you!
Found Ruyxoygg's Distillery.
You hit Menkaure.
Menkaure is moderately damaged.
Menkaure calls on the powers of darkness!
Your body is wracked with pain!
Menkaure hits you!
* * * LOW HITPOINT WARNING * * *
Unknown command.
You feel yourself speed up. Menkaure hits you!!
You die...

.∩ .⌠. #.# ####.##
..... ...# #M.#
##. .. #@.# .....
#..## #..#.##...##
##..#.#....[#
#.....#.....#
#.....#.....#
###..##.##)..###
...........#......
#.............###=


You could see Menkaure.

Vanquished Creatures
  Sigmund (D:3)
  Eustachio (D:6)
  2 slaves
  A phantom (D:4)
  3 ogres
  Blork the orc (D:4)
  A howler monkey (D:6)
  A crimson imp (D:5)
  A hound (D:5)
  A centaur skeleton (D:5)
  An iguana (D:4)
  Ijyb (D:4)
  Terence (D:3)
  4 worker ants
  A hound skeleton (D:6)
  3 gnolls
  6 adders
  A shadow imp (D:6)
  An ooze (D:2)
  5 worms
  4 dart slugs
  A leopard gecko (D:3)
  6 orcs (D:3)
  7 bats
  7 giant cockroaches
  13 goblins
  6 hobgoblins
  9 jackals
  9 kobolds
  2 quokkas
  A ball python (D:5)
  7 frilled lizards
  4 rats
113 creatures vanquished.

Vanquished Creatures (others)
  An adder (D:3)
  An orc (D:3)
  A kobold (D:3)
  A bat (D:3)
4 creatures vanquished.

Grand Total: 117 creatures vanquished

Notes
Turn   | Place    | Note
-------+----------+-------------------------------------------
     0 | D:1      | toffzen the Hill Orc Monk began the quest for the Orb.
     0 | D:1      | Reached XP level 1. HP: 19/19 MP: 1/1
   135 | D:1      | Reached XP level 2. HP: 17/27 MP: 2/2
   652 | D:1      | Reached XP level 3. HP: 33/33 MP: 3/3
   977 | D:1      | Reached skill level 1 in Armour
  1650 | D:2      | Reached XP level 4. HP: 33/41 MP: 4/4
  1787 | D:2      | Found a runed door.
  2552 | D:2      | Reached XP level 5. HP: 34/47 MP: 5/5
  2587 | D:3      | Noticed Terence
  2771 | D:3      | Reached skill level 5 in Axes
  2804 | D:3      | Killed Terence
  2804 | D:3      | Reached skill level 5 in Fighting
  3013 | D:3      | Became a worshipper of Beogh the Brigand
  3013 | D:3      | Reached * piety under Beogh
  3013 | D:3      | Reached ** piety under Beogh
  3149 | D:3      | Noticed Sigmund
  3176 | D:3      | Killed Sigmund
  3176 | D:3      | Reached skill level 1 in Invocations
  3176 | D:3      | Reached XP level 6. HP: 21/56 MP: 4/7
  3731 | D:4      | Noticed Ijyb
  3763 | D:4      | Killed Ijyb
  3908 | D:4      | Reached XP level 7. HP: 56/61 MP: 8/8
  4112 | D:4      | Reached skill level 6 in Axes
  4213 | D:4      | Noticed Blork the orc
  4215 | D:4      | Killed Blork the orc
  4409 | D:5      | Entered Level 5 of the Dungeon
  4592 | D:5      | Found an iron altar of Okawaru.
  4832 | D:5      | Reached XP level 8. HP: 71/71 MP: 6/10
  5295 | D:5      | Found a staircase to the Ecumenical Temple.
  5404 | D:5      | Found a basalt altar of Yredelemnul.
  5463 | D:6      | Reached skill level 7 in Axes
  5498 | D:6      | Noticed Eustachio
  5503 | D:6      | Killed Eustachio
  5510 | D:6      | Noticed Menkaure
  5513 | D:6      | Found Ruyxoygg's Distillery.
  5515 | D:6      | Slain by Menkaure

Skill      XL: |  1  2  3  4  5  6  7  8 |
---------------+-------------------------+-----
Fighting       | 4 5 6 |  6.9
Armour         | 1 2 3 4 |  4.7
Dodging        | 3 4 |  4.5
Axes           | 5 6 7 |  7.2
Invocations    | 1 2 3 4 |  4.4
Stealth        | |  1.5

Action                   |  1- 3 |  4- 6 |  7- 9 || total
-------------------------+-------+-------+-------++-------
Melee: Hand axe          |   114 |   205 |       ||   319
       War axe           |       |    38 |   152 ||   190
Throw: Stone             |     5 |    18 |    25 ||    48
Invok: Smiting           |       |     1 |     6 ||     7
       Convert to Beogh  |       |     1 |       ||     1
Evoke: Wand              |       |       |     7 ||     7
  Use: Scroll            |       |     2 |     6 ||     8
       Potion            |       |       |     1 ||     1
 Stab: Sleeping          |     5 |     2 |       ||     7
       Distracted        |     1 |       |       ||     1
  Eat: Chunk             |     2 |     6 |     1 ||     9
       Royal jelly       |       |     1 |       ||     1
       Bread ration      |       |       |     1 ||     1
Armor: Robe              |    15 |    13 |       ||    28
       Chain mail        |       |    53 |    88 ||   141
Dodge: Dodged            |    69 |   149 |    81 ||   299
       Deflected         |       |     3 |       ||     3
